 Dungeon Crawl Stone Soup version 0.31.0-1-g2c135a0 (webtiles) character file.

Game seed: 14713951776304701956

1022 Lemonspray55555 the Conjurer (level 7, -8/57 HPs)
             Began as a Demigod Conjurer on Feb 26, 2024.
             Mangled by a gargoyle
             ... wielding a +0 mace
              (22 damage)
             ... on level 6 of the Dungeon.
             The game lasted 00:11:38 (5010 turns).

Lemonspray55555 the Conjurer (Demigod Conjurer)     Turns: 5010, Time: 00:11:39

Health: -8/57      AC:  4    Str: 14    XL:     7   Next: 71%
Magic:  12/17      EV: 11    Int: 28    God:
Gold:   192        SH:  0    Dex: 12    Spells: 8/15 levels left

rFire   . . .        u - +0 hand axe
rCold   . . .        (no shield)
rNeg    . . .        A - +1 leather armour {rPois}
rPois   +            (no helmet)
rElec   .            (no cloak)
rCorr   .            (no gloves)
SInv    .            (no boots)
Will    .....        d - amulet of magic regeneration
Stlth   ++           j - +6 ring of strength
HPRegen 0.29/turn    (no ring)
MPRegen 0.55/turn

%: no passive effects
@: no status effects
A: high MP 1, forlorn, divine attributes
a: no special abilities


You were on level 6 of the Dungeon.
You visited 1 branch of the dungeon, and saw 6 of its levels.

You collected 192 gold pieces.

Inventory:

Hand Weapons
 l - the +8 sling of Equivalence {drain, rN+ Dex+4}
   (You found it on level 2 of the Dungeon)

   Dex+4:     It affects your dexterity (+4).
   rN+:       It protects you from negative energy.
 r - a +0 falchion
 u - a +0 hand axe (weapon)
 y - a +0 quarterstaff
 B - the +4 sling of Terot {elec, rPois Str+6 Int-4}
   (You took it off an orc on level 5 of the Dungeon)

   Str+6:     It affects your strength (+6).
   Int-4:     It affects your intelligence (-4).
   rPois:     It protects you from poison
 D - a +0 trident
Missiles
 C - 3 darts of dispersal
Armour
 a - a +0 robe
 p - a +0 chain mail
 A - a +1 leather armour of poison resistance (worn)
Jewellery
 d - an amulet of magic regeneration (around neck)
 j - a +6 ring of strength (left hand)
 v - an amulet of regeneration
Talismans
 n - a flux talisman
Scrolls
 e - 3 scrolls of identify {unknown}
 f - 2 scrolls of immolation {unknown}
 g - a scroll of fog {unknown}
 h - a scroll of amnesia {unknown}
 o - a scroll of enchant weapon {unknown}
 q - 2 scrolls of vulnerability {unknown}
 s - a scroll of fear {unknown}
 z - a scroll of poison {unknown}
 E - a scroll of enchant armour {unknown}
 F - a scroll of blinking {unknown}
Potions
 b - a potion of magic
 c - a potion of lignification {unknown}
 i - a potion of mutation {unknown}
 k - a potion of invisibility {unknown}
 m - a potion of ambrosia {unknown}
 t - 2 potions of enlightenment {unknown}
 w - 2 potions of haste {unknown}
 x - 2 potions of curing {unknown}


   Skills:
 * Level 3.0 Fighting
 * Level 3.0 Armour
 - Level 1.8 Dodging
 - Level 1.8 Stealth
 + Level 4.8 Spellcasting
 + Level 6.1 Conjurations
 + Level 0.1 Translocations


You had 8 spell levels left.
You knew the following spells:

 Your Spells              Type           Power      Damage    Failure   Level
a - Magic Dart            Conj           100%       1d8       1%          1
b - Searing Ray           Conj           82%        2d7       1%          2
c - Iskenderun's Mystic   Conj/Tloc      24%        2d7       22%         4

Your spell library contained the following spells:

 Spells                   Type           Power      Damage    Failure   Level
 Fulminant Prism          Conj/Alch      11%        3d8       24%         4


Dungeon Overview and Level Annotations

Branches:
Dungeon (6/15)             Temple (0/1) D:4

Shops:
D:4 =


Innate Abilities, Weirdness & Mutations

You have an increased reservoir of magic. (+10% MP)
You shall have no god before yourself.
Your divine heritage dramatically boosts your attributes as you level up.


Message History

The gargoyle hurls a stone arrow at you.
The stone arrow misses you.
Casting: Magic Dart (safe; 1% risk of failure)
Confirm with . or Enter, or press ? or * to list all spells.
Aiming: Searing Ray (safe; 1% risk of failure)
Press: ? - help, Shift-Dir - straight line, f/p - gargoyle
Aim: a gargoyle, wielding a +0 mace (91% to hit)
The searing ray hits the gargoyle.
The gargoyle is lightly damaged. (Press . to maintain the ray.)
The searing ray hits the gargoyle but does no damage.
The gargoyle is lightly damaged.
The searing ray hits the gargoyle!
The gargoyle is heavily damaged.
The gargoyle hits you with a +0 mace!
The searing ray hits the gargoyle!
The gargoyle is severely damaged.
You finish channelling your searing ray.
The gargoyle hurls a stone arrow at you.
The stone arrow misses you.
Casting: Searing Ray (safe; 1% risk of failure)
Confirm with . or Enter, or press ? or * to list all spells.
Aiming: Searing Ray (safe; 1% risk of failure)
Press: ? - help, Shift-Dir - straight line, f/p - gargoyle
Aim: a gargoyle, wielding a +0 mace (severely damaged, 91% to hit)
The searing ray hits the gargoyle.
The gargoyle is almost destroyed. (Press . to maintain the ray.)
The gargoyle hurls a stone arrow at you.
The stone arrow hits you!!
The searing ray hits the gargoyle.
The gargoyle is almost destroyed.
The gargoyle misses you.
The searing ray hits the gargoyle but does no damage.
The gargoyle is almost destroyed.
The gargoyle hurls a stone arrow at you.
The stone arrow hits you!
* * * LOW HITPOINT WARNING * * *
The gargoyle attacks as it pursues you! The gargoyle hits you with a +0 mace!!
You die...

#........#
##.######....#
#...#.#### #.# #.#...
#.....# #.# #<...#
###.### ##'## ##.#..
#.##########...##
#.###
###.............##
#.###
#..##.#.#.#.....##
#.#.#
#.######......###....
##.#@#.#......'......
##.#9##......###....
####.#.....## #.#.#
#.##....## #.### #.
#...## #.# .. ##'##
#.# ### ### #.# #..
#.# #.# ### #.# ##.##


You could see a gargoyle.

Vanquished Creatures
  An ice beast (D:5)
  An ogre (D:4)
  3 scorpions
  A howler monkey (D:6)
  A jelly (D:4)
  An orc priest (D:4)
  A bombardier beetle (D:5)
  2 hounds (D:5)
  A gnoll bouda (D:5)
  4 iguanas
  2 sleepcaps
  3 orc wizards
  3 gnolls (D:5)
  7 adders
  3 white imps
  2 dart slugs
  A ribbon worm (D:2)
  12 orcs
  5 endoplasms
  4 giant cockroaches
  8 goblins
  8 hobgoblins
  3 jackals (D:4)
  5 kobolds
  2 quokkas
  5 ball pythons
  3 bats (D:1)
  4 frilled lizards
  5 rats
101 creatures vanquished.

Vanquished Creatures (others)
  An orc wizard (D:5)
1 creature vanquished.

Grand Total: 102 creatures vanquished

Notes
Turn   | Place    | Note
-------+----------+-------------------------------------------
     0 | D:1      | Lemonspray55555 the Demigod Conjurer began the quest for
                  | the Orb.
     0 | D:1      | Reached XP level 1. HP: 14/14 MP: 5/5
   178 | D:1      | Reached skill level 4 in Conjurations
   258 | D:1      | Reached XP level 2. HP: 20/20 MP: 0/7
  1071 | D:1      | Learned a level 2 spell: Searing Ray
  1086 | D:2      | Reached XP level 3. HP: 27/27 MP: 2/8
  1263 | D:2      | Identified the +8 sling of Equivalence {drain, rN+ Dex+4}
  1335 | D:2      | Reached skill level 1 in Fighting
  1827 | D:3      | Reached XP level 4. HP: 35/35 MP: 6/10
  2033 | D:3      | Reached skill level 1 in Armour
  2586 | D:4      | Reached XP level 5. HP: 40/40 MP: 6/12
  2641 | D:4      | Found a staircase to the Ecumenical Temple.
  2757 | D:4      | Reached skill level 5 in Conjurations
  3131 | D:4      | Noticed an ogre
  3137 | D:4      | Killed an ogre
  3138 | D:4      | Reached XP level 6. HP: 28/48 MP: 7/14
  3386 | D:4      | Found Ucaul's Jewellery Boutique.
  3704 | D:5      | Entered Level 5 of the Dungeon
  3942 | D:5      | Identified the +4 sling of Terot {elec, rPois Str+6 Int-4}
  4007 | D:5      | Reached XP level 7. HP: 56/56 MP: 12/16
  4397 | D:5      | Reached skill level 6 in Conjurations
  4573 | D:5      | Learned a level 4 spell: Iskenderun's Mystic Blast
  5000 | D:6      | Noticed a gargoyle
  5010 | D:6      | Mangled by a gargoyle

Illustrated notes

Levels and vault maps discovered:
D:1:      dpeg_arrival_solitude, layout_basic,
          hangedman_abyss_or_decor_lesser_grid
D:2:      layout_basic, hellmonk_ecumenical_altar_crossroads
D:3:      layout_loops_ring
D:4:      layout_gridville, mainiacjoe_overflow_six_doors_small,
          grunt_gozag_breadcrumbs, minmay_temple_entry_wispy, serial_shops,
          shop, minmay_distorted
D:5:      layout_loops_ring, kennysheep_generic_room_3
D:6:      layout_loops_corners, minmay_small_thing

Skill      XL: |  1  2  3  4  5  6  7 |
---------------+----------------------+-----
Conjurations   | 4 5 6 |  6.1
Spellcasting   | 2 3 4 |  4.8
Fighting       | 1 2 3 |  3.0
Armour         | 1 2 3 |  3.0
Dodging        | |  1.8
Stealth        | |  1.8
Translocations | |  0.1

Action                     |  1- 3 |  4- 6 |  7- 9 || total
---------------------------+-------+-------+-------++-------
  Melee: Hand axe          |       |       |     4 ||     4
   Cast: Magic Dart        |   102 |    97 |    48 ||   247
         Searing Ray       |     1 |    11 |    10 ||    22
         Iskenderun's Myst |       |       |     1 ||     1
 Armour: Robe              |    11 |    16 |    10 ||    37
         Leather armour    |       |       |    11 ||    11
  Dodge: Dodged            |    12 |    17 |    16 ||    45
